[Event "Titled Tuesday Blitz March 29 Late 2022"]
[White "Adewumi, Tanitoluwa"]
[Black "Theodorou, Nikolas"]
[WhiteFideId "30966396"]
[BlackFideId "4262875"]
[WhiteElo "2546"]
[BlackElo "2472"]
[Result "1-0"]
[Round "01"]
[TimeControl "180+1"]
[Date "2022.03.29"]
[WhiteClock "0:00:17"]
[BlackClock "0:00:05"]

1. e4 e5 2. Nf3 Nc6 3. Bc4 Nf6 4. Ng5 d5 5. exd5 Na5 6. Bb5+ c6 7. dxc6 bxc6 8. Qf3 cxb5 9. Qxa8 Qc7 10. Qf3 Nc6 11. c3 Bg4 12. Qg3 Nd4 13. Na3 Ne2 14. Qd3 Bxa3 15. Qxb5+ Ke7 16. bxa3 Rb8 17. Qa4 Nf4 18. O-O h6 19. Ne4 Bd7 20. Qc2 Nxe4 21. Qxe4 Bc6 22. Qe3 Nxg2 23. Qg3 g5 24. d4 Nh4 25. f4 exf4 26. Bxf4 gxf4 27. Qxh4+ Kd7 28. Qg4+ Ke7 29. Rae1+ Kf8 30. Qxf4 Qxf4 31. Rxf4 Rb2 32. Rf2 Rb6 33. c4 Ra6 34. d5 Bd7 35. c5 Rg6+ 36. Rg2 Bb5 37. Rxg6 fxg6 38. c6 1-0


[Site "https://www.chess.com"]

[Event "Titled Tuesday Blitz March 29 Late 2022"]
[White "Aggelis, Nikolaos"]
[Black "Li, Ben"]
[WhiteFideId "4213220"]
[BlackFideId "2089980"]
[WhiteElo "2442"]
[BlackElo "2759"]
[Result "1-0"]
[Round "01"]
[TimeControl "180+1"]
[Date "2022.03.30"]
[WhiteClock "0:00:33"]
[BlackClock "0:00:38"]

1. d4 d5 2. g3 Nf6 3. Nf3 c5 4. Bg2 cxd4 5. O-O h6 6. b3 Nc6 7. Nxd4 e5 8. Nxc6 bxc6 9. Bb2 Bd6 10. c4 Be6 11. Nc3 Bc7 12. Na4 O-O 13. Qc2 Rc8 14. Rfd1 Bd6 15. Rac1 d4 16. c5 Bb8 17. e3 Bd5 18. exd4 e4 19. Nc3 Re8 20. Re1 Qd7 21. Nxe4 Nxe4 22. Bxe4 Rxe4 23. Rxe4 Qh3 24. f3 Bxe4 25. fxe4 Re8 26. Qg2 Qxg2+ 27. Kxg2 Rxe4 28. Kf3 f5 29. Bc3 Kf7 30. Re1 Rxe1 31. Bxe1 Ke6 32. Ke3 g5 33. Kd3 Kd5 34. b4 h5 35. a4 a6 36. Bd2 g4 37. Bg5 Bc7 38. Kc3 Bb8 39. Kd3 Bc7 40. Kc3 Ke4 41. Kc4 f4 42. gxf4 Bxf4 43. Bxf4 Kxf4 44. b5 axb5+ 45. axb5 cxb5+ 46. Kxb5 h4 47. c6 g3 48. hxg3+ hxg3 49. c7 g2 50. c8=Q g1=Q 51. Qc5 Qb1+ 52. Kc6 Ke4 53. Qe5+ Kf3 54. d5 Qc2+ 55. Kd7 Qa4+ 56. Ke7 Qa7+ 57. Kf6 Kg4 58. d6 Qf2+ 59. Ke7 Qa7+ 60. d7 Qa3+ 61. Qd6 Qa7 62. Ke8 Qe3+ 63. Qe7 Qa7 64. d8=Q Qb8 65. Qxb8 1-0


[Site "https://www.chess.com"]

[Event "Titled Tuesday Blitz March 29 Late 2022"]
[White "Al-Tarboush, Ward"]
[Black "Piliczewski, Bogusz"]
[WhiteFideId "7601450"]
[BlackFideId "1104144"]
[WhiteElo "2276"]
[BlackElo "1896"]
[Result "1-0"]
[Round "01"]
[TimeControl "180+1"]
[Date "2022.03.30"]
[WhiteClock "0:02:25"]
[BlackClock "0:01:37"]

1. e4 c6 2. Nf3 d5 3. Nc3 Bg4 4. h3 Bxf3 5. Qxf3 dxe4 6. Nxe4 e6 7. Be2 Nd7 8. d4 Ngf6 9. O-O Be7 10. c3 O-O 11. Bf4 Nxe4 12. Qxe4 Nf6 13. Qf3 Qd5 14. Qg3 Nh5 15. Bxh5 Qxh5 16. Be5 Qg5 17. Qf3 Bf6 18. Bxf6 Qxf6 19. Qxf6 gxf6 20. Rfe1 Rac8 21. Rad1 Rfd8 22. f4 f5 23. Re3 Kg7 24. Kf2 Kf6 25. g4 fxg4 26. hxg4 Rg8 27. g5+ Kg6 28. Rh3 Kf5 29. Kf3 Rg7 30. Re1 f6 31. Rh6 Rf8 32. gxf6 Rxf6 33. Re5# 1-0


[Site "https://www.chess.com"]

[Event "Titled Tuesday Blitz March 29 Late 2022"]
[White "Ambartsumova, Karina"]
[Black "Almedina Ortiz, Edgardo J."]
[WhiteFideId "4166299"]
[BlackFideId "3100197"]
[WhiteElo "2262"]
[BlackElo "2217"]
[Result "1-0"]
[Round "01"]
[TimeControl "180+1"]
[Date "2022.03.30"]
[WhiteClock "0:00:18"]
[BlackClock "0:00:04"]

1. e4 e5 2. Nf3 Nc6 3. Bc4 Bc5 4. O-O Nf6 5. d4 exd4 6. e5 d5 7. exf6 dxc4 8. fxg7 Rg8 9. Re1+ Be6 10. Ng5 Qd5 11. Nxh7 O-O-O 12. Nf6 Qf5 13. Nxg8 Rxg8 14. Nd2 Rxg7 15. Qf3 Qxc2 16. Ne4 Bb4 17. Qd1 Qxd1 18. Rxd1 d3 19. Bd2 Be7 20. Bc3 Rg6 21. Re1 Bd5 22. Rad1 f5 23. Ng3 f4 24. Ne4 f3 25. g3 b5 26. a3 a5 27. Nd2 b4 28. axb4 axb4 29. Bh8 Rg8 30. Be5 Rg5 31. Bf4 Rg7 32. Ne4 Rg6 33. Bd2 Nd4 34. Re3 Ne2+ 35. Kh1 1-0


[Site "https://www.chess.com"]

[Event "Titled Tuesday Blitz March 29 Late 2022"]
[White "Arabidze, Meri"]
[Black "Szente Varga, Fruzsina"]
[WhiteFideId "13604040"]
[BlackFideId "712264"]
[WhiteElo "2335"]
[BlackElo "1994"]
[Result "1-0"]
[Round "01"]
[TimeControl "180+1"]
[Date "2022.03.30"]
[WhiteClock "0:00:06"]
[BlackClock "0:00:11"]

1. Nf3 Nf6 2. g3 d5 3. Bg2 g6 4. O-O Bg7 5. b3 O-O 6. Bb2 c5 7. c4 d4 8. b4 Nfd7 9. d3 e5 10. bxc5 Nxc5 11. Nbd2 Nc6 12. Nb3 Na4 13. Qc1 Nxb2 14. Qxb2 e4 15. dxe4 d3 16. e5 dxe2 17. Qxe2 Bg4 18. h3 Bxf3 19. Bxf3 Nxe5 20. Bxb7 Rb8 21. Bd5 Qc8 22. Kg2 Rb4 23. Rac1 h5 24. f4 Nc6 25. Rfe1 Ra4 26. Nc5 Ra5 27. Nb3 Ra3 28. Qf2 Qa6 29. Re2 Nb4 30. Nc5 Qa5 31. Nd7 Rd8 32. Ne5 Rxa2 33. Bxf7+ Kh7 34. Rxa2 Nxa2 35. Bxg6+ Kh8 36. Rc2 Nb4 37. Re2 Rf8 38. Qe3 Qc7 39. Bxh5 Qb7+ 40. Qf3 Qc7 41. Bg6 Bxe5 42. Qh5+ Kg8 43. fxe5 Nc6 44. Be4 Nxe5 45. Bd5+ Nf7 46. Qg6+ Kh8 47. Re4 Nh6 48. Qxh6+ Qh7 49. Qxf8+ 1-0


[Site "https://www.chess.com"]

[Event "Titled Tuesday Blitz March 29 Late 2022"]
[White "Ardila, Oscar Humberto"]
[Black "Jaferian, Koosha"]
[WhiteFideId "4404742"]
[BlackFideId "12507440"]
[WhiteElo "1966"]
[BlackElo "2030"]
[Result "0-1"]
[Round "01"]
[TimeControl "180+1"]
[Date "2022.03.30"]
[WhiteClock "0:00:04"]
[BlackClock "0:00:45"]

1. d4 f5 2. c4 Nf6 3. Nc3 g6 4. Nf3 Bg7 5. g3 O-O 6. Bg2 d6 7. O-O Nc6 8. d5 Ne5 9. Nxe5 dxe5 10. b3 e4 11. Bb2 e6 12. dxe6 Bxe6 13. Qc2 Qe7 14. Rad1 Rfd8 15. Nb5 c6 16. Nd4 Bf7 17. e3 Nd7 18. Ne2 Nc5 19. Bxg7 Kxg7 20. h4 Nd3 21. Nf4 Ne5 22. Qc3 Qf6 23. Qb4 b6 24. Qa3 c5 25. Qa6 h6 26. Qb7 Kg8 27. Qc7 g5 28. hxg5 hxg5 29. Nd5 Bxd5 30. Rxd5 Nd3 31. Qb7 Nb2 32. Rfd1 Nxd1 33. Bf1 Nc3 34. Rxd8+ Rxd8 35. Qxa7 Qd6 36. Qb7 Rd7 37. Qc8+ Kg7 38. Qe8 Qe7 39. Qc8 Rd8 40. Qxf5 Qf6 41. Qg4 Rd2 42. Kg2 Qxf2+ 0-1


[Site "https://www.chess.com"]

[Event "Titled Tuesday Blitz March 29 Late 2022"]
[White "Ashiev, Eduard"]
[Black "Lewtak, Damian"]
[WhiteFideId "4130090"]
[BlackFideId "1141724"]
[WhiteElo "2004"]
[BlackElo "2362"]
[Result "1/2-1/2"]
[Round "01"]
[TimeControl "180+1"]
[Date "2022.03.30"]
[WhiteClock "0:00:05"]
[BlackClock "0:00:19"]

1. d4 d5 2. c4 c6 3. Nf3 Nf6 4. e3 Bf5 5. Nc3 e6 6. Bd3 Bg6 7. O-O Bb4 8. Qe2 O-O 9. Bxg6 hxg6 10. Bd2 Bd6 11. e4 dxe4 12. Nxe4 Nxe4 13. Qxe4 Nd7 14. Bc3 Nf6 15. Qe2 Re8 16. Rad1 Qc7 17. Ne5 Rad8 18. Qf3 Bxe5 19. dxe5 Nd7 20. Qe3 Nb6 21. b3 Nc8 22. f4 Rxd1 23. Rxd1 Rd8 24. Rd3 Rxd3 25. Qxd3 Ne7 26. Qd6 Qb6+ 27. c5 Qb5 28. Qxe7 Qd3 29. Be1 Qe3+ 30. Kf1 Qxf4+ 31. Bf2 Qc1+ 32. Be1 Qf4+ 33. Bf2 Qc1+ 34. Ke2 Qb2+ 35. Kf1 Qb1+ 36. Be1 Qd3+ 37. Kg1 Qd4+ 38. Kf1 b6 39. Qd6 Qf4+ 40. Kg1 Qc1 41. Kf1 bxc5 42. Qd8+ Kh7 43. Qh4+ Kg8 44. Qd8+ Kh7 45. Qh4+ Kg8 46. Qd8+ 1/2-1/2


[Site "https://www.chess.com"]

[Event "Titled Tuesday Blitz March 29 Late 2022"]
[White "Babazada, Khazar"]
[Black "Milosevic, Milos"]
[WhiteFideId "13413554"]
[BlackFideId "964875"]
[WhiteElo "2418"]
[BlackElo "2237"]
[Result "1-0"]
[Round "01"]
[TimeControl "180+1"]
[Date "2022.03.29"]
[WhiteClock "0:00:53"]
[BlackClock "0:00:01"]

1. Nf3 d5 2. c4 e6 3. b3 Qf6 4. Nc3 c6 5. Bb2 Na6 6. e3 Qd8 7. Be2 Nf6 8. O-O Bd6 9. d4 O-O 10. Rc1 b6 11. cxd5 exd5 12. Bd3 Re8 13. Ne2 Ne4 14. Rxc6 Nb4 15. Rc1 Nxa2 16. Ra1 Nb4 17. Bb1 a5 18. Ng3 Ba6 19. Re1 Rc8 20. Ne5 Nxg3 21. hxg3 g6 22. e4 Bxe5 23. dxe5 dxe4 24. Bxe4 Bd3 25. Qf3 Bxe4 26. Rxe4 Rc2 27. Bd4 Nc6 28. Bc3 Qg5 29. Rae1 Rc1 30. e6 fxe6 31. Rxc1 Qxc1+ 32. Re1 Qc2 33. Qxc6 Rf8 34. Qxe6+ Rf7 35. Qc8+ Rf8 36. Qc4+ Rf7 37. Re8# 1-0


[Site "https://www.chess.com"]

[Event "Titled Tuesday Blitz March 29 Late 2022"]
[White "Baches Garcia, Guillermo"]
[Black "Sjugirov, Sanan"]
[WhiteFideId "2209764"]
[BlackFideId "4189302"]
[WhiteElo "2500"]
[BlackElo "2602"]
[Result "0-1"]
[Round "01"]
[TimeControl "180+1"]
[Date "2022.03.29"]
[WhiteClock "0:00:01"]
[BlackClock "0:00:31"]

1. e4 c5 2. Nf3 d6 3. d4 cxd4 4. Nxd4 Nf6 5. Nc3 a6 6. Bd3 e5 7. Nde2 Be7 8. O-O O-O 9. Ng3 Nc6 10. Nd5 Be6 11. c4 Rc8 12. Nxe7+ Qxe7 13. b3 Nd7 14. Be3 Rfd8 15. Be2 Nc5 16. Bg4 g6 17. h3 b5 18. cxb5 axb5 19. Rc1 Ra8 20. Qd2 Bxg4 21. hxg4 Qe6 22. g5 b4 23. Rfd1 Ra5 24. Rc2 Qe7 25. Rdc1 Nd4 26. Bxd4 exd4 27. Qxd4 Qxg5 28. Nf1 Rxa2 29. Rxa2 Qxc1 30. Ra7 Qc3 31. Qd5 Qxb3 0-1


[Site "https://www.chess.com"]

[Event "Titled Tuesday Blitz March 29 Late 2022"]
[White "Bachmann, Axel"]
[Black "Needleman, Alejandro"]
[WhiteFideId "3700488"]
[BlackFideId "100730"]
[WhiteElo "2587"]
[BlackElo "2228"]
[Result "1/2-1/2"]
[Round "01"]
[TimeControl "180+1"]
[Date "2022.03.30"]
[WhiteClock "0:00:04"]
[BlackClock "0:00:45"]

1. d4 c5 2. d5 Nf6 3. c4 b5 4. cxb5 a6 5. bxa6 g6 6. g3 Bg7 7. Bg2 d6 8. Nc3 O-O 9. Nf3 Bxa6 10. O-O Nbd7 11. Rb1 Ng4 12. Bd2 Nge5 13. b3 Nxf3+ 14. Bxf3 Qa5 15. Qc2 Ne5 16. Bg2 Qa3 17. Bc1 Qa5 18. a4 Nf3+ 19. Bxf3 Qxc3 20. Qxc3 Bxc3 21. Bh6 Rfb8 22. Rfc1 Bf6 23. Bd2 Bc8 24. a5 Rb5 25. b4 Rab8 26. Be4 cxb4 27. Rxb4 Rxb4 28. Bxb4 Rxb4 29. Rxc8+ Kg7 30. Bd3 Ra4 31. a6 Bd4 32. Kg2 h5 33. Re8 Kf6 34. h4 Ra5 35. Bc4 Ra4 36. Bd3 Ra5 37. Bc4 Ra4 38. Rc8 Bc5 39. Bd3 Ke5 40. Rc7 Kf6 41. Rd7 Ra5 42. Kf3 Ra3 43. Kg2 Ra5 44. Kf3 Ra3 45. Kg2 Ra5 1/2-1/2


[Site "https://www.chess.com"]

[Event "Titled Tuesday Blitz March 29 Late 2022"]
[White "Barria Zuniga, Daniel"]
[Black "Rudykh, Stepan"]
[WhiteFideId "3400816"]
[BlackFideId "4180321"]
[WhiteElo "2414"]
[BlackElo "2201"]
[Result "0-1"]
[Round "01"]
[TimeControl "180+1"]
[Date "2022.03.30"]
[WhiteClock "0:00:10"]
[BlackClock "0:00:45"]

1. d4 e6 2. c4 f5 3. Nf3 Nf6 4. g3 Be7 5. Bg2 O-O 6. O-O d6 7. b4 a5 8. b5 Ne4 9. a4 Bf6 10. e3 e5 11. Qc2 Qe8 12. Nbd2 Nxd2 13. Bxd2 Qh5 14. Bc3 Nd7 15. Rad1 g5 16. Qxf5 Nb6 17. Qd3 Bg4 18. dxe5 dxe5 19. Qe4 Rae8 20. c5 Nd7 21. Rxd7 Bxd7 22. Qxb7 Bg4 23. Qd5+ Be6 24. Qe4 g4 25. Nxe5 Bf5 26. Qd5+ Be6 27. Qe4 Bf5 28. Qc4+ Be6 29. Bd5 Bxd5 30. Qxd5+ Kg7 31. Qd7+ Re7 32. Qxg4+ Qxg4 33. Nxg4 Bxc3 34. Rc1 Bb4 35. Rc4 h5 0-1


[Site "https://www.chess.com"]

[Event "Titled Tuesday Blitz March 29 Late 2022"]
[White "Batsiashvili, Nino"]
[Black "Kamsky, Gata"]
[WhiteFideId "13602993"]
[BlackFideId "2000024"]
[WhiteElo "2192"]
[BlackElo "2645"]
[Result "0-1"]
[Round "01"]
[TimeControl "180+1"]
[Date "2022.03.29"]
[WhiteClock "0:00:03"]
[BlackClock "0:00:49"]

1. d4 f5 2. Bg5 g6 3. Nc3 Bg7 4. e4 fxe4 5. Nxe4 d5 6. Ng3 Nh6 7. Bxh6 Bxh6 8. Nf3 c5 9. c3 cxd4 10. Qxd4 O-O 11. Rd1 e6 12. Bb5 a6 13. Ba4 b5 14. Bc2 Nc6 15. Qd3 Ra7 16. h4 Raf7 17. h5 g5 18. O-O g4 19. Nd4 Nxd4 20. Qxd4 Bf4 21. Ne2 Bc7 22. Qxg4+ Rg7 23. Qh3 Qf6 24. g3 Kh8 25. h6 Rgg8 26. Qh1 Bb6 27. Rd4 e5 28. Rxd5 Bxf2+ 29. Kg2 Rxg3+ 30. Nxg3 Qf3+ 31. Kh2 Qxg3# 0-1


[Site "https://www.chess.com"]

[Event "Titled Tuesday Blitz March 29 Late 2022"]
[White "Bilan, Danila"]
[Black "Andreikin, Dmitry"]
[WhiteFideId "24161918"]
[BlackFideId "4158814"]
[WhiteElo "2164"]
[BlackElo "2736"]
[Result "0-1"]
[Round "01"]
[TimeControl "180+1"]
[Date "2022.03.29"]
[WhiteClock "0:00:04"]
[BlackClock "0:01:32"]

1. d4 d5 2. Nf3 Nf6 3. c4 e6 4. Nc3 Nbd7 5. cxd5 exd5 6. Bg5 c6 7. e3 h6 8. Bh4 g5 9. Bg3 Nh5 10. Bd3 Nxg3 11. hxg3 Bg7 12. Qc2 Nb6 13. Bf5 Qe7 14. Bxc8 Rxc8 15. Qf5 Qe6 16. Qxe6+ fxe6 17. Ke2 Nc4 18. b3 Nd6 19. Rac1 O-O 20. g4 b6 21. Na4 Ne4 22. Nc3 Nd6 23. Na4 Rc7 24. Rc2 Ne4 25. Rhc1 Rfc8 26. Nc3 Nd6 27. Na4 c5 28. dxc5 b5 29. Nb2 Bxb2 30. Rxb2 Rxc5 31. Rxc5 Rxc5 32. Nd4 Kf7 33. Rc2 Rxc2+ 34. Nxc2 e5 35. f3 a5 36. Kd3 Ke6 37. Na3 b4 38. Nc2 Nb5 39. Ne1 Na3 40. Nc2 Nb1 41. Ne1 Kd6 42. Kc2 Na3+ 43. Kd3 Kc5 44. Nc2 Nb5 45. Ne1 Nd6 46. Nc2 e4+ 47. Kd2 Nb5 48. Ne1 Nc3 49. a4 d4 50. Nc2 d3 51. Nd4 Kd5 52. Nf5 Nb1+ 53. Kd1 Nc3+ 54. Kd2 Nb1+ 55. Kd1 Na3 56. Nxh6 Nc2 57. Kd2 Na1 58. Nf5 Nxb3+ 59. Kd1 Nc5 60. Ne7+ Kd6 61. Nc8+ Kc7 62. Na7 Nxa4 63. fxe4 b3 64. Nb5+ Kb6 65. Na3 Kc5 66. e5 Kb4 67. Nb1 Nc3+ 68. Kc1 Nxb1 69. Kxb1 d2 0-1


[Site "https://www.chess.com"]

[Event "Titled Tuesday Blitz March 29 Late 2022"]
[White "Bluebaum, Matthias"]
[Black "Rangel, Daniel"]
[WhiteFideId "24651516"]
[BlackFideId "2124475"]
[WhiteElo "2550"]
[BlackElo "2225"]
[Result "1-0"]
[Round "01"]
[TimeControl "180+1"]
[Date "2022.03.29"]
[WhiteClock "0:02:11"]
[BlackClock "0:00:10"]

1. b3 Nf6 2. Bb2 g6 3. Nf3 Bg7 4. g3 O-O 5. Bg2 d5 6. c4 c5 7. cxd5 Qxd5 8. O-O Nc6 9. Ne5 Qd6 10. Nxc6 bxc6 11. Na3 Be6 12. Rc1 Bd5 13. Qc2 Bxg2 14. Kxg2 a5 15. Nc4 Qd5+ 16. f3 a4 17. Nb6 axb3 18. axb3 Qe6 19. Nxa8 Rxa8 20. e4 Ra2 21. Ra1 Rxa1 22. Rxa1 h5 23. Ra8+ Kh7 24. Qc4 Qd7 25. Bc3 e6 26. Qxc5 Qd3 27. Qe3 Qc2 28. b4 h4 29. gxh4 Nh5 30. Bxg7 Kxg7 31. Qc3+ Qxc3 32. dxc3 1-0


[Site "https://www.chess.com"]

[Event "Titled Tuesday Blitz March 29 Late 2022"]
[White "Bogumil, Tatiana"]
[Black "Romanchuk, Viktor"]
[WhiteFideId "4110579"]
[BlackFideId "14109271"]
[WhiteElo "1761"]
[BlackElo "2242"]
[Result "0-1"]
[Round "01"]
[TimeControl "180+1"]
[Date "2022.03.30"]
[WhiteClock "0:00:02"]
[BlackClock "0:00:25"]

1. Nf3 d5 2. c4 c6 3. b3 Nf6 4. Bb2 Bf5 5. g3 e6 6. Bg2 Nbd7 7. O-O h6 8. d3 Bh7 9. Nbd2 Bc5 10. a3 a5 11. h3 Qe7 12. Re1 O-O 13. e4 dxe4 14. dxe4 e5 15. Qc2 Nh5 16. Nf1 Ndf6 17. Nh4 Rfe8 18. Ne3 Rad8 19. Nhf5 Qc7 20. Bc3 Bd4 21. b4 axb4 22. axb4 Bxf5 23. Nxf5 Bxc3 24. Qxc3 Nd7 25. c5 Nf8 26. Nd6 Re7 27. Ra7 Qb8 28. Rea1 Nf6 29. Ra8 Qxa8 30. Rxa8 Rxa8 31. Bf1 Ne8 32. Nc4 Ra1 33. Kg2 Ra8 34. Nxe5 Nf6 35. f3 Rae8 36. Nc4 Ne6 37. Nd6 Rd8 38. Bc4 Ne8 39. e5 b6 40. Bxe6 Rxe6 41. f4 bxc5 42. bxc5 Re7 43. Qa5 Rb8 44. Qa6 Nc7 45. Qxc6 Ne6 46. Qd5 Rc7 47. Ne4 Rd8 48. Qc4 Rd4 49. Qe2 Nxc5 50. Nxc5 Rxc5 51. h4 Rdc4 52. Qe3 Rc3 53. Qe4 Rc6 54. h5 Ra6 55. Qd5 Raa3 0-1


[Site "https://www.chess.com"]

[Event "Titled Tuesday Blitz March 29 Late 2022"]
[White "Bordi, Kevin"]
[Black "Buchenau, Frank"]
[WhiteFideId "621862"]
[BlackFideId "4604350"]
[WhiteElo "2811"]
[BlackElo "2193"]
[Result "1-0"]
[Round "01"]
[TimeControl "180+1"]
[Date "2022.03.29"]
[WhiteClock "0:00:35"]
[BlackClock "0:00:01"]

1. e4 e6 2. d4 d5 3. Nd2 Nf6 4. e5 Nfd7 5. c3 c5 6. Ngf3 b6 7. Bd3 Ba6 8. Bxa6 Nxa6 9. O-O Nc7 10. Re1 Be7 11. Nf1 c4 12. Ng3 h5 13. Nd2 b5 14. Nxh5 g6 15. Nf4 a5 16. Qg4 Nb6 17. Nf3 Kd7 18. Nh3 Qg8 19. Nhg5 Kc6 20. h4 b4 21. g3 Nb5 22. Bd2 bxc3 23. bxc3 Na3 24. Rec1 Rb8 25. Qf4 Na4 26. Qxf7 Qxf7 27. Nxf7 Rhf8 28. N7g5 Kd7 29. Kg2 Rb2 30. Rh1 Bxg5 31. Bxg5 Nxc3 32. Bc1 Rfb8 33. h5 gxh5 34. Bxb2 Rxb2 35. Rxh5 Ne4 36. Rf1 Nc2 37. Kg1 Rxa2 38. g4 Ra3 39. Rh3 a4 40. g5 Rxf3 41. Rxf3 Nxg5 42. Rf4 Nxd4 43. Kg2 Nf5 44. Ra1 Nf7 45. Rxa4 Nxe5 46. Ra5 Nd3 47. Rxf5 exf5 48. Rxd5+ Ke6 49. Rd8 Ke5 50. Kf3 Nc5 51. Ke3 Ne4 52. f4+ Ke6 53. Rc8 Nd6 54. Rc5 1-0


[Site "https://www.chess.com"]

[Event "Titled Tuesday Blitz March 29 Late 2022"]
[White "Bryakin, Mikhail"]
[Black "Gracia Alvarez, Gerardo Antonio"]
[WhiteFideId "4165314"]
[BlackFideId "5109124"]
[WhiteElo "2417"]
[BlackElo "2139"]
[Result "0-1"]
[Round "01"]
[TimeControl "180+1"]
[Date "2022.03.30"]
[WhiteClock "0:01:25"]
[BlackClock "0:00:20"]

1. e4 c5 2. Nf3 Nc6 3. Bb5 d6 4. Bxc6+ bxc6 5. d3 e5 6. O-O f5 7. Nc3 Nf6 8. a4 Be7 9. h3 O-O 10. b3 Qe8 11. Nd2 Nh5 12. Nc4 Qg6 13. Kh2 fxe4 14. dxe4 Be6 15. Be3 Rad8 16. Na5 Bd7 17. f3 Qg3+ 18. Kh1 Bxh3 19. gxh3 Qxh3+ 20. Kg1 Qg3+ 21. Kh1 Qh3+ 22. Kg1 Rf6 23. Nxc6 Qg3+ 24. Kh1 Qh4+ 25. Kg1 Rg6+ 26. Bg5 Rxg5# 0-1


[Site "https://www.chess.com"]

[Event "Titled Tuesday Blitz March 29 Late 2022"]
[White "Burke, Paul"]
[Black "Mortazavi, Ali"]
[WhiteFideId "2605767"]
[BlackFideId "401323"]
[WhiteElo "1863"]
[BlackElo "2339"]
[Result "0-1"]
[Round "01"]
[TimeControl "180+1"]
[Date "2022.03.30"]
[WhiteClock "0:00:34"]
[BlackClock "0:01:14"]

1. e4 c6 2. d4 d5 3. exd5 cxd5 4. c4 Nf6 5. Nc3 g6 6. Nf3 Bg7 7. Be2 O-O 8. O-O b6 9. h3 dxc4 10. Bxc4 Bb7 11. d5 Nbd7 12. Re1 a6 13. a3 Rc8 14. Ba2 b5 15. Bg5 Nb6 16. Qe2 Re8 17. Rad1 Nc4 18. Bxc4 bxc4 19. Ne5 Qc7 20. Ng4 Nxg4 21. Qxg4 Rcd8 22. Bf4 Qb6 23. d6 exd6 24. Rxe8+ Rxe8 25. Bxd6 Qxb2 26. Nd5 Bxd5 27. Rxd5 c3 28. Re5 Bxe5 29. Bxe5 Rxe5 30. Qc8+ Kg7 0-1


[Site "https://www.chess.com"]

[Event "Titled Tuesday Blitz March 29 Late 2022"]
[White "Cagara, Paulina"]
[Black "Iskusnyh, Sergei"]
[WhiteFideId "1124870"]
[BlackFideId "4120027"]
[WhiteElo "1780"]
[BlackElo "2492"]
[Result "0-1"]
[Round "01"]
[TimeControl "180+1"]
[Date "2022.03.30"]
[WhiteClock "0:00:27"]
[BlackClock "0:00:08"]

1. e4 e6 2. d4 d5 3. Nc3 Nf6 4. e5 Nfd7 5. f4 c5 6. Nf3 Be7 7. Be3 O-O 8. Be2 a6 9. O-O b5 10. a3 Nc6 11. f5 cxd4 12. Nxd4 Ndxe5 13. fxe6 Bxe6 14. Qd2 Nxd4 15. Bxd4 Bg5 16. Qe1 Nc6 17. Bc5 Re8 18. Qg3 Be7 19. Be3 d4 20. Rad1 Qb8 21. Bf4 Qa7 22. Ne4 d3+ 23. Be3 dxe2 24. Bxa7 exf1=Q+ 25. Rxf1 Rxa7 26. h4 Rd7 27. h5 h6 28. b3 Nd4 29. Kh1 Rd5 30. Re1 Rxh5+ 31. Kg1 Bh4 32. Qe3 Bxe1 33. Qxd4 Rd5 34. Qe3 Bh4 35. Qf4 Bg5 36. Qg3 Rd1+ 37. Kh2 Rd5 38. Nxg5 Rxg5 39. Qc7 Rc8 40. Qb7 Rxc2 41. Qa8+ Kh7 42. Qe4+ Bf5 0-1


[Site "https://www.chess.com"]

[Event "Titled Tuesday Blitz March 29 Late 2022"]
[White "Cardoso Cardoso, Jose Gabriel"]
[Black "Mahajan, Rushaan"]
[WhiteFideId "4430492"]
[BlackFideId "30934222"]
[WhiteElo "2755"]
[BlackElo "2440"]
[Result "1-0"]
[Round "01"]
[TimeControl "180+1"]
[Date "2022.03.30"]
[WhiteClock "0:00:06"]
[BlackClock "0:00:01"]

1. Nf3 d5 2. g3 Nd7 3. Bg2 e5 4. d3 c6 5. O-O Bd6 6. c4 Ngf6 7. cxd5 cxd5 8. Nc3 O-O 9. e4 dxe4 10. dxe4 Nc5 11. Qe2 Be6 12. Rd1 Qe7 13. Bg5 Rfd8 14. Bxf6 Qxf6 15. Nd5 Qg6 16. Nxe5 Qg5 17. Nc4 Bf8 18. Qe3 Qh5 19. Bf3 Bg4 20. Nf4 Qg5 21. h4 Bxf3 22. hxg5 Bxd1 23. Nd5 Bg4 24. Rc1 Rac8 25. Ne5 Be6 26. Qf3 Bd6 27. Ng4 Nd7 28. Rxc8 Rxc8 29. Kg2 b6 30. Qe3 Rc2 31. b4 Bxg4 32. Qd3 Rc8 33. Ne3 Ne5 34. Qxd6 Bf3+ 35. Kh3 Ng6 36. Nf5 h5 37. Ne7+ Nxe7 38. Qxe7 Rc1 39. g4 Rg1 40. gxh5 Bxh5 41. Qe8+ Kh7 42. Qe5 Bg4+ 43. Kh2 Re1 44. Qf4 Be6 45. Kg2 Re2 46. Qh4+ Kg6 47. Kf3 Rxa2 48. Kf4 Ra3 49. f3 f6 50. gxf6 gxf6 51. Qg3+ Kf7 52. Qh4 a5 53. Qh7+ Kf8 54. bxa5 bxa5 55. Qc7 Ra2 56. Qd6+ Kf7 57. Qc7+ Kf8 58. e5 fxe5+ 59. Kxe5 Bf7 60. Kf6 Bd5 61. Qd8# 1-0


[Site "https://www.chess.com"]

[Event "Titled Tuesday Blitz March 29 Late 2022"]
[White "Cervantes Landeiro, Thalia"]
[Black "Shimanov, Aleksandr"]
[WhiteFideId "3520498"]
[BlackFideId "4198603"]
[WhiteElo "2021"]
[BlackElo "2636"]
[Result "0-1"]
[Round "01"]
[TimeControl "180+1"]
[Date "2022.03.29"]
[WhiteClock "0:00:10"]
[BlackClock "0:01:21"]

1. d4 Nf6 2. c4 e6 3. Nf3 d5 4. Nc3 Nbd7 5. cxd5 exd5 6. Bf4 c6 7. e3 Be7 8. Bd3 Nh5 9. Bg3 O-O 10. Qc2 g6 11. O-O Nxg3 12. hxg3 Bd6 13. e4 dxe4 14. Bxe4 Nf6 15. d5 c5 16. Rad1 Bd7 17. Bd3 a6 18. a4 Rb8 19. b3 b5 20. axb5 axb5 21. Rfe1 Qb6 22. Ne5 Bxe5 23. Rxe5 Rfc8 24. Qe2 c4 25. bxc4 bxc4 26. Bc2 Bg4 27. Qe3 Bxd1 28. Bxd1 Qxe3 29. Rxe3 Rb2 30. Bf3 Rd2 31. Re7 Rd3 32. Nb5 c3 0-1


[Site "https://www.chess.com"]

[Event "Titled Tuesday Blitz March 29 Late 2022"]
[White "Chabris, Christopher"]
[Black "Nasuta, Grzegorz"]
[WhiteFideId "2005263"]
[BlackFideId "1141686"]
[WhiteElo "2308"]
[BlackElo "2396"]
[Result "0-1"]
[Round "01"]
[TimeControl "180+1"]
[Date "2022.03.30"]
[WhiteClock "0:00:13"]
[BlackClock "0:00:24"]

1. e4 c5 2. Nf3 e6 3. d4 cxd4 4. Nxd4 a6 5. c4 Qc7 6. Nc3 Nf6 7. Be2 Bb4 8. Nc2 Bxc3+ 9. bxc3 Nxe4 10. Qd4 Nf6 11. Bf4 Qa5 12. Bd6 Nc6 13. Qd3 b5 14. O-O bxc4 15. Qg3 Qf5 16. Ne3 Qg6 17. Nxc4 Qxg3 18. hxg3 Ne4 19. Nb6 Nxd6 20. Nxa8 Ke7 21. Nb6 Bb7 22. Rab1 Na5 23. Rfd1 Rd8 24. c4 Ne4 25. Bf3 Nc3 26. Bxb7 Nxb7 27. Rdc1 Nxb1 28. Rxb1 Nc5 29. Kf1 Rb8 30. Rb2 Kd6 31. Ke2 Kc7 0-1


[Site "https://www.chess.com"]

[Event "Titled Tuesday Blitz March 29 Late 2022"]
[White "Chyngyz, Sultai"]
[Black "Chiu, Isaac"]
[WhiteFideId "13803158"]
[BlackFideId "30900654"]
[WhiteElo "1365"]
[BlackElo "2117"]
[Result "0-1"]
[Round "01"]
[TimeControl "180+1"]
[Date "2022.03.30"]
[WhiteClock "0:00:22"]
[BlackClock "0:00:18"]

1. e4 e6 2. d4 d5 3. e5 c5 4. c3 Qb6 5. Nf3 Bd7 6. Be2 Bb5 7. O-O Bxe2 8. Qxe2 Nc6 9. Be3 Nh6 10. Bxh6 gxh6 11. a3 cxd4 12. cxd4 a6 13. Rd1 Na5 14. b4 Nc4 15. Nbd2 Rc8 16. Nxc4 Rxc4 17. Rac1 Qc6 18. Rxc4 Qxc4 19. Qxc4 dxc4 20. d5 exd5 21. Rxd5 b5 22. Nd4 Be7 23. Nc6 Rg8 24. g3 Rg6 25. Nd4 c3 26. Nc2 Rc6 27. Rd3 f6 28. e6 Bd6 29. Nd4 Rc4 30. Nc2 Ke7 31. Re3 f5 32. f4 Bc7 33. Kf1 a5 34. Ke2 axb4 35. axb4 Bd6 36. Kd3 Bxb4 37. Nxb4 Rxb4 38. Kxc3 Re4 39. Rxe4 fxe4 40. Kd4 Kxe6 41. Kxe4 h5 42. h4 Kd6 43. Kd4 h6 44. f5 Ke7 45. Ke5 b4 46. g4 hxg4 47. f6+ Kf7 48. h5 g3 49. Kf4 g2 50. Ke4 g1=Q 51. Kd5 Qg5+ 52. Kc4 Qxh5 53. Kxb4 Qg5 54. Kc4 Qxf6 55. Kd3 Kg6 56. Kd2 Kg5 57. Kc2 h5 58. Kb3 h4 59. Kc2 h3 60. Kb3 h2 61. Kc4 h1=Q 62. Kb3 Qh4 63. Ka2 Qg4 64. Kb1 Qff4 65. Kc2 Qff3 66. Kd2 Qgg2+ 67. Ke1 Qff1# 0-1


[Site "https://www.chess.com"]